 Dungeon Crawl Stone Soup version 0.31-a0-662-g684573625c (webtiles) character file.

Game seed: 3161446775368709726

997 Xavori the Sneak (level 8, -6/54 HPs)
             Began as an Octopode Chaos Knight on Sept 1, 2023.
             Was a Plaything of Xom.
             Mangled by an ogre
             ... wielding a +1 giant club of chaos
              (20 damage)
             ... on level 6 of the Dungeon.
             The game lasted 00:05:26 (11420 turns).

Xavori the Sneak (Octopode Chaos Knight)           Turns: 11420, Time: 00:05:27

Health: -6/54      AC:  3    Str: 14      XL:     8   Next: 19%
Magic:  8/8        EV: 14    Int: 14 (15) God:    Xom [.*....]
Gold:   224        SH:  6    Dex: 19      Spells: 7/7 levels left

rFire   + . .        q - +11 short sword "Futz" {chaos, rN+ Str+5}
rCold   . . .        j - +1 buckler
rNeg    + . .        (helmet restricted)
rPois   .            n - amulet of the acrobat
rElec   +            k - ring of resist corrosion
rCorr   +            x - +6 ring of dexterity
SInv    .            (no ring)
Will    +....        (no ring)
Stlth   +++++        (no ring)
HPRegen 0.29/turn    (no ring)
MPRegen 0.11/turn    (no ring)
                     (no ring)

%: acrobat, clarity
@: no status effects
A: almost no armour, amphibious, 8 rings, camouflage 1, gelatinous body 1,
(nimble swimmer 1), tentacles, tentacle spike 2, iridescent scales 1, clarity,
deterioration 1, fire resistance 1, high MP 1, strong-willed 1, mutation
resistance 1, electricity resistance, teleportitis 1, weak 1, MP-powered wands
a: Renounce Religion


You were on level 6 of the Dungeon.
You worshipped Xom.
You were a plaything of Xom.
You visited 1 branch of the dungeon, and saw 6 of its levels.

You collected 224 gold pieces.

Inventory:

Hand Weapons
 q - the +11 short sword "Futz" (weapon) {chaos, rN+ Str+5}
   (Xom gifted it to you on level 2 of the Dungeon)

   Str+5:     It affects your strength (+5).
   rN+:       It protects you from negative energy.
Missiles
 g - a throwing net
Armour
 j - a +1 buckler (worn)
Jewellery
 k - a ring of resist corrosion (left tentacle)
 n - an amulet of the acrobat (around mantle)
 x - a +6 ring of dexterity (right tentacle)
Talismans
 a - a serpent talisman
Wands
 e - a wand of mindburst (14)
 u - a wand of digging (9)
Scrolls
 b - a scroll of butterflies
 c - 4 scrolls of enchant armour
 h - a scroll of blinking
 o - a scroll of teleportation
Potions
 d - 4 potions of heal wounds
 f - 4 potions of curing
 i - a potion of brilliance {unknown}
 l - 2 potions of attraction {unknown}
 m - 2 potions of might {unknown}
 s - a potion of invisibility {unknown}
 t - 3 potions of lignification
 v - a potion of mutation {unknown}
 w - 4 potions of magic {unknown}
 z - 3 potions of enlightenment
Miscellaneous
 p - a phantom mirror


   Skills:
 + Level 4.3 Fighting
 + Level 5.2 Short Blades
 + Level 3.5 Dodging
 + Level 6.8 Stealth
 + Level 1.2 Shields
 * Level 3.3 Evocations
 * Level 2.6 Shapeshifting


You had 7 spell levels left.
You didn't know any spells.
Your spell library contained the following spells:

 Spells                   Type           Power      Damage    Failure   Level
 Magic Dart               Conj           0%         1d3       36%         1
 Lesser Beckoning         Tloc           0%         N/A       52%         2
 Searing Ray              Conj           0%         2d4       52%         2
 Gell's Gravitas          Tloc           0%         N/A       75%         3
 Teleport Other           Tloc           0%         N/A       75%         3
 Fulminant Prism          Conj/Hex       0%         3d5       98%         4


Dungeon Overview and Level Annotations

Branches:
Dungeon (6/15)             Temple (0/1) D:4

Altars:
Cheibriados
Uskayaw
Vehumet
Xom


Innate Abilities, Weirdness & Mutations

You cannot wear most types of armour.
You are amphibious.
You can wear up to eight rings at the same time.
Your skin changes colour to match your surroundings (Stealth+).
Your rubbery body absorbs attacks. (AC +1, EV +1)
((You are camouflaged when in or above water. (Stealth+)))
You have tentacles for arms and can constrict up to eight enemies at once.
One of your tentacles bears a nasty spike.
You are partially covered in iridescent scales. (AC +2)
You possess an exceptional clarity of mind.
Your body sometimes deteriorates upon taking damage.
Your flesh is heat resistant. (rF+)
You have an increased reservoir of magic. (+10% MP)
You are strong-willed. (Will+)
You are somewhat resistant to further mutation.
You are resistant to electric shocks. (rElec)
You are occasionally teleported next to monsters.
You are weak. (Str -2)
You expend magic power (3 MP) to strengthen your wands.


Message History

The two-headed ogre misses your butterfly. x2
You swap places.
You swap places.
The two-headed ogre hits your butterfly with a +0 giant club!!
Your butterfly dies!
Your butterfly disappears in a puff of smoke!
The two-headed ogre misses your butterfly.
The two-headed ogre completely misses your butterfly.
A two-headed ogre opens the door. "Go forth and redecorate, my child!"
Your butterfly disappears in a puff of smoke!
There is a stone staircase leading up here.
You climb upwards.
There is a stone staircase leading down here.
You start resting.
Your cleaving frenzy subsides.
You start resting.
HP restored.
You climb downwards.
There is a stone staircase leading up here.
You completely miss the ogre.
The ogre is lightly wounded.
The ogre barely misses you.
You barely miss the ogre.
You pierce the ogre.
The ogre is lightly wounded.
You completely miss the ogre.
You pierce the ogre, but do no damage.
The ogre is lightly wounded.
The ogre hits you with a +1 giant club of chaos!!
Ouch! That really hurt!
Your body deteriorates!
You feel dopey. The ogre burns you.
* * * LOW HITPOINT WARNING * * *
You hit the ogre. You freeze the ogre.
Your tentacle spike misses the ogre.
The ogre is moderately wounded.
You puncture the ogre!
The ogre is poisoned.
Your tentacle-slap misses the ogre.
The ogre is heavily wounded.
The ogre hits you with a +1 giant club of chaos!!
You die...
Xom giggles madly!

.#########
.........#
.#######.# #@#
#O# ####O######
#.........#
#...#######.#
###.#$..$.#O#
#.#..$$.#O##
#.#.._.$'..####.#
#.#..$..#.......#


You could see a two-headed ogre and an ogre (very poisoned).

Vanquished Creatures
  Sigmund (D:5)
  A water moccasin (D:5)
  An acid dragon (D:6)
  An ogre (D:4)
  2 scorpions
  A howler monkey (D:4)
  An orc priest (D:3)
  A hound (D:5)
  Natasha (thrice) (D:4)
  6 adders
  6 gnolls
  A shadow imp (D:5)
  3 ufetubi
  2 worms
  13 orcs
  7 ball pythons
  6 endoplasms
  5 giant cockroaches
  9 goblins
  8 hobgoblins
  6 jackals (D:1)
  4 kobolds
  8 quokkas
  5 bats
  4 frilled lizards
  8 rats
113 creatures vanquished.

Vanquished Creatures (collateral kills)
  A ball python (D:2)
  A bat (D:2)
2 creatures vanquished.

Vanquished Creatures (others)
  A ball python (D:2)
1 creature vanquished.

Grand Total: 116 creatures vanquished

Notes
Turn   | Place    | Note
-------+----------+-------------------------------------------
     0 | D:1      | Xavori the Octopode Chaos Knight began the quest for the
                  | Orb.
     0 | D:1      | Reached XP level 1. HP: 16/16 MP: 1/1
   180 | D:1      | Reached XP level 2. HP: 21/21 MP: 2/2
   244 | D:1      | XOM: 5-stop teleportation journey
   312 | D:1      | XOM: stat loss: -1 Str (10/11)
   331 | D:1      | XOM: give mutations
   331 | D:1      | Gained mutation: You are weak. (Str -2) [Xom's mischief]
   331 | D:1      | Gained mutation: You are vulnerable to heat. (rF-) [Xom's
                  | mischief]
   331 | D:1      | Gained mutation: You are resistant to electric shocks.
                  | (rElec) [Xom's mischief]
   496 | D:1      | Reached XP level 3. HP: 26/26 MP: 3/3
  1162 | D:1      | XOM: give mutations
  1162 | D:1      | Lost mutation: You are vulnerable to heat. (rF-) [Xom's
                  | mischief]
  1162 | D:1      | Gained mutation: You are frail. (-10% HP) [Xom's mischief]
  1162 | D:1      | Gained mutation: You are occasionally teleported next to
                  | monsters. [Xom's mischief]
  1205 | D:1      | XOM: divination: magic mapping
  1324 | D:1      | XOM: silly message
  1858 | D:1      | XOM: draining
  1886 | D:1      | XOM: give mutations
  1886 | D:1      | Gained mutation: Your body sometimes deteriorates upon
                  | taking damage. [Xom's mischief]
  1886 | D:1      | Gained mutation: Your spells are a little easier to cast,
                  | but a little less powerful. [Xom's mischief]
  1886 | D:1      | Gained mutation: You are dopey. (Int -2) [Xom's mischief]
  1886 | D:1      | Gained mutation: One of your tentacles bears a spike.
                  | [Xom's mischief]
  1906 | D:1      | XOM: give mutations
  1906 | D:1      | Lost mutation: You are frail. (-10% HP) [Xom's mischief]
  1906 | D:1      | Gained mutation: You passively map a small area around you.
                  | [Xom's mischief]
  1906 | D:1      | Gained mutation: You expend magic power (3 MP) to
                  | strengthen your wands. [Xom's mischief]
  1971 | D:1      | XOM: draining
  2230 | D:1      | XOM: give mutations
  2230 | D:1      | Lost mutation: You passively map a small area around you.
                  | [Xom's mischief]
  2230 | D:1      | Gained mutation: You sometimes lose your temper in combat.
                  | [Xom's mischief]
  2307 | D:1      | XOM: silly message
  3386 | D:1      | XOM: divination: magic mapping
  3521 | D:1      | XOM is BORED!
  3521 | D:1      | XOM: draining
  3712 | D:1      | XOM: give mutation
  3712 | D:1      | Lost mutation: You sometimes lose your temper in combat.
                  | [Xom's grace]
  4372 | D:1      | XOM: summons 2 hostile demons
  6498 | D:1      | XOM: cloud trail
  6838 | D:1      | XOM: draining
  6863 | D:1      | XOM: summons 1 hostile demon
  6936 | D:2      | XOM is BORED!
  6936 | D:2      | XOM: 6-stop teleportation journey
  7066 | D:2      | XOM: silly message
  7109 | D:2      | XOM: 6-stop teleportation journey
  7161 | D:2      | Reached skill level 1 in Stealth
  7161 | D:2      | Reached XP level 4. HP: 13/18 MP: 4/4
  7256 | D:2      | XOM: give mutations
  7256 | D:2      | Gained mutation: One of your tentacles bears a nasty spike.
                  | [Xom's grace]
  7256 | D:2      | Lost mutation: Your spells are a little easier to cast, but
                  | a little less powerful. [Xom's grace]
  7256 | D:2      | Gained mutation: You are somewhat resistant to further
                  | mutation. [Xom's grace]
  7338 | D:2      | XOM: cloud trail
  7416 | D:2      | HP: 1/22 [gnoll/+1 flail of protection (15)]
  7421 | D:2      | Reached skill level 2 in Stealth
  7576 | D:2      | XOM: give mutations
  7576 | D:2      | Gained mutation: You are partially covered in iridescent
                  | scales. (AC +2) [Xom's grace]
  7576 | D:2      | Gained mutation: You have an increased reservoir of magic.
                  | (+10% MP) [Xom's grace]
  7576 | D:2      | Gained mutation: Your flesh is heat resistant. (rF+) [Xom's
                  | grace]
  7576 | D:2      | Lost mutation: You are dopey. (Int -2) [Xom's grace]
  7708 | D:2      | XOM: cloud trail
  7759 | D:2      | XOM: god gift: phantom mirror
  7816 | D:2      | XOM: divination: magic mapping
  7831 | D:2      | XOM: divination: magic mapping
  7852 | D:2      | XOM: scenery: summon butterflies
  7921 | D:2      | XOM: stat loss: -1 Dex (12/13)
  7931 | D:2      | XOM: scenery: summon butterflies
  8100 | D:2      | XOM: scenery: 1 doors close
  8365 | D:2      | XOM: scenery: 1 doors open
  8488 | D:2      | XOM: cloud trail
  8826 | D:2      | XOM: cloud trail
  8840 | D:2      | Identified the +11 short sword "Futz" {spect, rN+ Str+5}
                  | (Xom gifted it to you on level 2 of the Dungeon)
  8840 | D:2      | XOM: god gift: +11 short sword "Futz" {chaos, rN+ Str+5}
  8893 | D:3      | Reached XP level 5. HP: 30/31 MP: 5/5
  8915 | D:3      | XOM: scenery: create altars
  9093 | D:3      | Reached skill level 3 in Stealth
  9280 | D:3      | Reached skill level 1 in Evocations
  9516 | D:3      | Found a radiant altar of Vehumet.
  9561 | D:4      | Noticed Natasha
  9563 | D:4      | Reached skill level 1 in Shapeshifting
  9563 | D:4      | Noticed an ogre
  9567 | D:4      | Killed an ogre
  9568 | D:4      | Reached skill level 4 in Stealth
  9568 | D:4      | Reached XP level 6. HP: 39/43 MP: 6/6
  9568 | D:4      | Killed Natasha
  9597 | D:4      | Reached skill level 1 in Shields
  9644 | D:4      | XOM: divination: magic mapping
  9665 | D:4      | XOM: give mutations
  9665 | D:4      | Gained mutation: You possess an exceptional clarity of
                  | mind. [Xom's grace]
  9665 | D:4      | Gained mutation: You are strong-willed. (Will+) [Xom's
                  | grace]
  9709 | D:4      | Found a staircase to the Ecumenical Temple.
  9714 | D:4      | Noticed Natasha
  9719 | D:4      | Killed Natasha
  9760 | D:4      | Reached XP level 7. HP: 48/48 MP: 7/7
  9817 | D:4      | Noticed Natasha
  9826 | D:4      | Killed Natasha
  9827 | D:4      | Reached skill level 5 in Stealth
 10267 | D:5      | Entered Level 5 of the Dungeon
 10268 | D:5      | Identified the staff of the Reaper {rF++ rN+ Int+4 Stlth+
                  | Necro} (Xom gifted it to you on level 5 of the Dungeon)
 10268 | D:5      | XOM: god gift: staff of the Reaper {rF++ rN+ Int+4 Stlth+
                  | Necro}
 10347 | D:5      | XOM: god gift: staff of fire
 10349 | D:5      | Identified the +4 mace "Osoaxtif" {vamp, rPois rN+ Int-2
                  | Stlth+}
 10380 | D:5      | Found a snail-covered altar of Cheibriados.
 10562 | D:5      | XOM: stat loss: -1 Dex (12/13)
 10625 | D:5      | XOM: cloud trail
 10896 | D:5      | Reached skill level 6 in Stealth
 10972 | D:5      | Noticed Sigmund
 10979 | D:5      | Killed Sigmund
 10980 | D:5      | Reached skill level 5 in Short Blades
 10980 | D:5      | Reached XP level 8. HP: 54/54 MP: 8/8
 11029 | D:5      | XOM: draining
 11310 | D:6      | Found a hide-covered altar of Uskayaw.
 11330 | D:6      | Noticed a two-headed ogre
 11332 | D:6      | XOM: cleaving
 11335 | D:6      | XOM: chaos upgrade
 11335 | D:6      | XOM: butterfly on damage
 11348 | D:6      | XOM: cloud trail
 11420 | D:6      | Mangled by an ogre

Illustrated notes

Levels and vault maps discovered:
D:1:      elethiomel_arrival_shortcut, layout_loops_corners
D:2:      layout_basic, serial_corexii_hall, chequers_hall_statues_wall_a,
          corexii_hall_statues_t, serial_bayou_pond_c, hex_intersection,
          minmay_misc_feat_x
D:3:      layout_basic, mainiacjoe_overflow_alcove_4, serial_bayou_ford_a,
          chequers_serial_rivers_small_3
D:4:      layout_loops_ring, minmay_temple_entry_tees, minmay_misc_feat_doors,
          serial_bayou_pond_b, uniq_natasha
D:5:      layout_basic, cheibriados_altar_1, uniq_sigmund
D:6:      cheibrodos_two_vegetables, layout_loops_ring, amcnicky_altar_gilded,
          gammafunk_ghost_gnarly_gnolls

Skill      XL: |  1  2  3  4  5  6  7 |
---------------+----------------------+-----
Stealth        | 1 2 4 6 |  6.8
Dodging        | 3 |  3.5
Evocations     | 1 2 3 |  3.3
Fighting       | 4 |  4.3
Shapeshifting  | 1 2 |  2.6
Short Blades   | 4 5 |  5.2
Shields        | 1 |  1.2

Action                     |  1- 3 |  4- 6 |  7- 9 || total
---------------------------+-------+-------+-------++-------
  Melee: Short sword       |    64 |    75 |    36 ||   175
         Constrict         |    15 |    16 |     6 ||    37
         Tentacles         |    13 |    14 |     3 ||    30
         Kick              |     1 |    14 |    11 ||    26
         Punch             |       |       |     1 ||     1
    Use: Potion            |       |     1 |       ||     1
         Scroll            |       |     5 |     4 ||     9
   Stab: Sleeping          |     7 |    10 |    12 ||    29
         Paralysed         |       |     1 |       ||     1
         Distracted        |       |       |     1 ||     1
 Armour: Skin              |    26 |    17 |     5 ||    48
  Dodge: Dodged            |    36 |    39 |    15 ||    90
  Block: Buckler           |     3 |    12 |     6 ||    21

Table legend: (Time is in decaauts)
 A = Elapsed time spent in this place.
 B = Non-inter-level travel time spent in this place.
 C = Inter-level travel time spent in this place.
 D = Time resting spent in this place.
 E = Time spent auto-exploring this place.
 F = Levels seen in this place.
 G = Mean time per level.
                   A        B        C        D        E       F      G
               +--------+--------+--------+--------+--------+-----+--------+
         Total |  11396 |  11211 |    185 |   7095 |   3443 |   6 | 1899.3 |
       Dungeon |  11396 |  11211 |    185 |   7095 |   3443 |   6 | 1899.3 |
               +--------+--------+--------+--------+--------+-----+--------+

Top non-repeatable levels by time:
     D:1: 6354 daAuts
     D:2: 2481 daAuts
     D:5: 1101 daAuts
     D:3: 709 daAuts
     D:4: 702 daAuts
     D:6: 47 daAuts
